[Event "Early-Titled-Tuesday-Blitz-May-07-2024"]
[Site "Chess.com"]
[Date "2024.05.07"]
[Round "5"]
[White "Supergiuly"]
[Black "ChessSwole"]
[Result "0-1"]
[WhiteElo "2340"]
[BlackElo "2635"]
[TimeControl "180+1"]
[EndTime "8:59:35 PDT"]
[Termination "ChessSwole won by resignation"]

1. g3 d5 2. Bg2 h5 3. Nf3 Nc6 4. O-O e5 5. d3 Be7 6. Nc3 h4 7. e4 h3 8. Bh1 d4 9. Nd5 Be6 10.
Ng5 Bc8 11. f4 Nf6 12. fxe5 Nxe5 13. Bf4 Bg4 14. Qd2 Nxd5 15. exd5 O-O 16. Be4 Ng6 17. Nxf7 Rxf7 18. Bxg6 Qxd5 19. Bxf7+ Qxf7 20. Bxc7 Qd5 21. Rf4 Bg5 22. Raf1 Re8 23. R1f2 Kh7 24. c4 Qc6 25. Qa5 Bxf4 26. Bxf4 Re2 27. Rxe2 Bxe2 28. Qf5+ Kg8 29. Qxh3 Bxd3 30. b3 Qf3 31. Qc8+ Kh7 32. Qh3+ Kg6 33. Qe6+ Kh7 34. Qh3+ Kg8 35. Qe6+ Kh8 36. Qe8+ Kh7 37. Qe1 Be2 38. a3 d3 39. Bd2 b6 40. b4 Qe4 41.
c5 bxc5 42. bxc5 Qd4+ 43. Qf2 Qa1+ 44. Kg2 Bg4 45. h3 Be6 46. Bb4 Bd5+ 0-1

[Event "Early-Titled-Tuesday-Blitz-May-07-2024"]
[Site "Chess.com"]
[Date "2024.05.07"]
[Round "5"]
[White "Witik"]
[Black "LyonBeast"]
[Result "0-1"]
[WhiteElo "2867"]
[BlackElo "3129"]
[TimeControl "180+1"]
[EndTime "8:59:36 PDT"]
[Termination "LyonBeast won by resignation"]

1. d4 Nf6 2. Nf3 g6 3. g3 Bg7 4. Bg2 O-O 5. O-O c5 6. c3 d6 7. dxc5 dxc5 8. Bf4 Qb6 9. Qb3 Be6 10. Qa3 Rd8 11. Nbd2 Nd5 12. Nc4 Qa6 13. Qxa6 Nxa6 14. Na5 Nxf4 15. gxf4 Rab8 16. Ng5 Bd5 17. Rfd1 Nc7 18.
e3 h6 19. Bxd5 Rxd5 20. Ne4 e6 21. c4 Rxd1+ 22. Rxd1 Bxb2 23. Rd7 Na6 24. Nxb7 Nb4 25. Nbxc5 Nxa2 26. Rxa7 Nb4 27. Nd7 Rd8 28. Ne5 Bxe5 29.
fxe5 Nc6 30. Nf6+ Kg7 31. Rd7 Rc8 32. f4 Na5 33. Ne4 Nxc4 34. Kf2 Ra8 35. Kf3 Ra3 36.
Nd6 Nxe3 37. Rxf7+ Kg8 38. Rd7 Nd5+ 39. Kf2 Ra4 40. Kg3 Rxf4 41. Ne8 Rf5 42. Nc7 Nxc7 43. Rxc7 Rxe5 44. h4 Rf5 45. Kg4 h5+ 46. Kg3 Kf8 47. Ra7 Rf7 48. Ra8+ Kg7 49. Ra6 Kf6 50. Kf4 Rb7 51. Kg3 Rb3+ 52. Kf4 Rh3 0-1

[Event "Early-Titled-Tuesday-Blitz-May-07-2024"]
[Site "Chess.com"]
[Date "2024.05.07"]
[Round "5"]
[White "Gryffindorac8"]
[Black "KogotBobra17"]
[Result "0-1"]
[WhiteElo "2520"]
[BlackElo "2732"]
[TimeControl "180+1"]
[EndTime "8:59:36 PDT"]
[Termination "KogotBobra17 won by resignation"]

1. d4 Nf6 2. c4 e5 3. dxe5 Ng4 4.
Nf3 Bc5 5. e3 Nc6 6. Nc3 O-O 7.
Be2 Re8 8. O-O Ngxe5 9. Nxe5 Nxe5 10. b3 a5 11. Bb2 Ra6 12. Ne4 Ba7 13. Ng3 Rh6 14.
Qd5 d6 15. Qxa5 Bc5 16. Rfd1 Qh4 17. Nf1 Rf6 18. Qe1 Bb4 19. Nd2 Rh6 20. Bxe5 dxe5 21. Nf3 Qe7 22. Qf1 e4 23. Nd4 Bd6 24. g3 Bh3 25.
Qe1 Bb4 26. Rd2 Bxd2 27. Qxd2 Qd7 28. Rd1 Bg4 29. Bxg4 Qxg4 30. Qe2 Qh3 31. f4 exf3 32. Nxf3 Qf5 33. Re1 Qc5 34. Kg2 Rhe6 35. Qf2 Rxe3 36. Rxe3 Qxe3 37. Qf1 Qe2+ 38. Qf2 Re3 39. h4 Qxf2+ 40.
Kxf2 Rc3 41. Ne1 Rc1 42. Ke2 Ra1 43. a4 Rb1 44. Nd3 Rxb3 45. Nc5 Rb4 46. a5 b6 47.
axb6 cxb6 48. Nd7 Rxc4 49. Nxb6 Rd4 50. Kf3 f6 51. Ke3 Rb4 52. Nd5 Rb3+ 53. Kf2 Kf7 54.
Ne3 g5 55. hxg5 fxg5 56. Ng2 Kg6 57. Ne1 h5 58. Kg2 Kf5 59. Kf2 Kg4 60. Nc2 Rb2 0-1

[Event "Early-Titled-Tuesday-Blitz-May-07-2024"]
[Site "Chess.com"]
[Date "2024.05.07"]
[Round "5"]
[White "Sadykov_Ramil"]
[Black "Groetzi"]
[Result "1/2-1/2"]
[WhiteElo "2597"]
[BlackElo "2417"]
[TimeControl "180+1"]
[EndTime "8:59:36 PDT"]
[Termination "Game drawn by repetition"]

1. e4 c5 2. Nf3 d6 3. Bb5+ Nd7 4. d4 cxd4 5. Qxd4 a6 6. Be2 Ngf6 7. c4 g6 8. Nc3 Bg7 9. b3 O-O 10. Bb2 Qa5 11.
O-O Nc5 12. Nd5 Ncxe4 13. Nxe7+ Kh8 14. Nxc8 Raxc8 15. Qd3 Rfd8 16. Rfd1 d5 17. Qe3 dxc4 18. Bxc4 Rxd1+ 19. Rxd1 Qxa2 20. Bxf6 Nxf6 21. Bxf7 Qc2 22. Rf1 Rf8 23. Bc4 b5 24. Be6 Qe4 25. Ne5 Qxe3 26. fxe3 Bh6 27. Nf7+ Kg7 28. Nxh6 Kxh6 29. e4 Kg7 30. e5 Ne4 31. Ra1 Nc5 32. Bd5 Rd8 33. b4 Rxd5 34. bxc5 Rxc5 35. Rxa6 Rxe5 36.
Rb6 h5 37. h4 Kf7 38. Kh2 Kg7 39. Kh3 Rc5 40. g3 Rd5 41. Kg2 Kh6 42. Kh3 Kg7 43.
Kg2 Kf7 44. Kh3 Rf5 45. Kg2 Rc5 46. Kh3 Kg7 47. Kg2 Kh6 48. Kh3 Kh7 49. Kg2 Kg7 50. Kh3 Rd5 1/2-1/2

[Event "Early-Titled-Tuesday-Blitz-May-07-2024"]
[Site "Chess.com"]
[Date "2024.05.07"]
[Round "5"]
[White "Slovineanu"]
[Black "littlepinkyboy"]
[Result "0-1"]
[WhiteElo "2451"]
[BlackElo "2650"]
[TimeControl "180+1"]
[EndTime "8:59:37 PDT"]
[Termination "littlepinkyboy won on time"]

1. e4 c5 2. Nf3 e6 3. d4 cxd4 4. Nxd4 Nc6 5. Nc3 Qc7 6. Be3 Nf6 7. f3 a6 8. Qd2 b5 9. O-O-O Bb7 10. Kb1 Be7 11.
g4 Ne5 12. Be2 b4 13. Na4 d5 14. g5 Nfd7 15. f4 Nc4 16. Bxc4 dxc4 17. f5 e5 18. Ne6 fxe6 19. fxe6 Nf8 20. Qf2 Nxe6 21. Nb6 Rd8 22. Qf5 Nd4 23. Bxd4 Rxd4 24. Nd5 Bxd5 25.
exd5 Rxd1+ 26. Rxd1 Qd6 27. Qc8+ Bd8 28. Qxc4 Rf8 29. Qe4 g6 30. Qh4 Rf7 31. b3 a5 32.
Qe4 Bxg5 33. h4 Bd8 34. h5 gxh5 35. Rg1 Qf6 36. Rg8+ Kd7 37. Kb2 Qf4 38. Qe2 Qd4+ 39. Kb1 Qxd5 0-1

[Event "Early-Titled-Tuesday-Blitz-May-07-2024"]
[Site "Chess.com"]
[Date "2024.05.07"]
[Round "5"]
[White "Yerkinio"]
[Black "kekic76"]
[Result "1-0"]
[WhiteElo "2659"]
[BlackElo "2343"]
[TimeControl "180+1"]
[EndTime "8:59:37 PDT"]
[Termination "Yerkinio won on time"]

1. e4 c6 2. d4 d5 3. e5 Bf5 4.
h4 h5 5. Bd3 Bxd3 6. Qxd3 e6 7.
Bg5 Be7 8. Nf3 Nd7 9. Nbd2 Bxg5 10. Nxg5 Ne7 11. Nf1 Nf5 12. Ng3 g6 13. Nxf5 gxf5 14.
f4 Kf8 15. O-O Kg7 16. b3 Nf8 17. c4 Ng6 18. g3 dxc4 19. bxc4 Qd7 20. Rfd1 Rad8 21.
Rab1 b6 22. Qc3 Qe7 23. a4 Qc7 24. Rd3 Rd7 25. Rbd1 Rhd8 26. Kg2 Qb7 27. Kh2 Qc7 28. Qb2 Qb7 29. Qg2 Qa6 30. Qc2 Qb7 31. Qe2 Qa6 32.
Qc2 Qb7 33. Qb3 Qc7 34. Kh3 Qb7 35. Qa2 Qc7 36. d5 cxd5 37. cxd5 exd5 38. Rxd5 Rxd5 39. Rxd5 Rxd5 40. Qxd5 Qe7 41. Qd3 Qc5 42. Qxf5 Qe7 43. e6 fxe6 44. Nxe6+ Kh6 45. Qg5+ Qxg5 46. hxg5+ Kh7 47.
f5 Ne5 48. Kh4 Kg8 49. Kxh5 Nf3 50. Nf4 a6 51. Nd5 b5 52. axb5 axb5 53. g6 Ne5 54. f6 Kf8 55. g4 Nf3 56. Kh6 Ne5 57. Kh7 1-0

[Event "Early-Titled-Tuesday-Blitz-May-07-2024"]
[Site "Chess.com"]
[Date "2024.05.07"]
[Round "5"]
[White "Shivananda1964"]
[Black "jinbojinbo"]
[Result "0-1"]
[WhiteElo "2396"]
[BlackElo "2637"]
[TimeControl "180+1"]
[EndTime "8:59:39 PDT"]
[Termination "jinbojinbo won on time"]

1. Nf3 f5 2. g3 Nf6 3. Bg2 g6 4. O-O Bg7 5. d3 O-O 6. e4 d6 7.
Nc3 fxe4 8. dxe4 e5 9. Ne1 Nc6 10. Nd3 Bg4 11. f3 Be6 12. Be3 h6 13. Qd2 Kh7 14.
Rae1 Qe8 15. b3 Rd8 16. Nb5 Rd7 17. c4 a6 18. Nc3 g5 19. Nd5 Ne7 20. Rf2 Ng6 21.
Qc2 Rdf7 22. Nxf6+ Rxf6 23. c5 dxc5 24. Nxc5 Bc8 25.
Rd2 R6f7 26. Red1 g4 27. fxg4 b6 28. Nd3 Bxg4 29. Rf1 Rxf1+ 30. Bxf1 c5 31. Nf2 Bc8 32. Bc4 h5 33. Qd3 h4 34. Qd6 hxg3 35. hxg3 b5 36. Be2 c4 37. Bh5 Rf6 38. Qd5 Be6 39. Qc5 Qf7 40.
Bg5 Qf8 41. Qe3 Rf7 42. Bf3 Rxf3 43. Qe2 c3 44. Rd8 Qf7 45. Nd3 Rxg3+ 46. Kh2 Rxg5 0-1

[Event "Early-Titled-Tuesday-Blitz-May-07-2024"]
[Site "Chess.com"]
[Date "2024.05.07"]
[Round "5"]
[White "vanyakuba"]
[Black "Ural_bogatyr"]
[Result "1/2-1/2"]
[WhiteElo "2422"]
[BlackElo "2568"]
[TimeControl "180+1"]
[EndTime "8:59:39 PDT"]
[Termination "Game drawn by repetition"]

1. e4 e5 2. Nf3 Nc6 3. Nc3 Nf6 4. g3 Bc5 5. Bg2 d6 6. h3 a5 7. d3 Be6 8. Be3 a4 9. d4 exd4 10. Nxd4 Bxd4 11. Bxd4 a3 12. b3 Nxd4 13. Qxd4 O-O 14. O-O Bd7 15. Rad1 Bc6 16. e5 Bxg2 17. Kxg2 dxe5 18.
Qxe5 Qe8 19. Qxe8 Rfxe8 20. Kf3 c6 21. Rd4 Kf8 22. Rfd1 Re5 23. Rd8+ Rxd8 24. Rxd8+ Ke7 25. Rb8 Rc5 26. Rxb7+ Ke6 27. Ne2 Nd5 28. c4 Nf6 29. Ra7 Rf5+ 30. Ke3 Re5+ 31. Kd3 Ne4 32. Nd4+ Kd6 33.
f4 Nc5+ 34. Kd2 Re4 35. Nf5+ Ke6 36. Ne3 Rd4+ 37. Ke2 Nd3 38. Rxa3 Nc1+ 39. Kf3 Rd2 40. Ra6 Rxa2 41. Rxc6+ Kd7 42. Rb6 Ra3 43. b4 Na2 44. c5 Nc3 45. Kf2 Ra2+ 46. Kf1 Ra1+ 47. Kf2 Ra2+ 48. Kf3 Ra3 49. Kf2 Ra2+ 1/2-1/2

[Event "Early-Titled-Tuesday-Blitz-May-07-2024"]
[Site "Chess.com"]
[Date "2024.05.07"]
[Round "5"]
[White "PhileKhoob"]
[Black "LLariMarc"]
[Result "0-1"]
[WhiteElo "2302"]
[BlackElo "2522"]
[TimeControl "180+1"]
[EndTime "8:59:39 PDT"]
[Termination "LLariMarc won on time"]

1. e4 e5 2. Nf3 Nc6 3. Nc3 Nf6 4. Bb5 Bb4 5. O-O O-O 6. d3 d6 7.
Bg5 Bxc3 8. bxc3 h6 9. Bh4 g5 10. Bg3 Bg4 11. Bxc6 bxc6 12. d4 Nxe4 13. dxe5 dxe5 14.
Qxd8 Raxd8 15. Nxe5 Nxg3 16. hxg3 Be6 17. Nxc6 Rd2 18.
Nd4 Rb8 19. Rad1 Rxd1 20. Rxd1 Bxa2 21. Nc6 Rb2 22. Rd7 Rxc2 23. Rxc7 Kg7 24. Nxa7 Rc1+ 25. Kh2 Rc2 26. f3 Bd5 27. Kg1 Rc1+ 28. Kf2 Rc2+ 29. Kf1 g4 30. fxg4 Bxg2+ 31. Ke1 Bf3 32. Nb5 Bxg4 33.
Nd4 Rg2 34. c4 Rxg3 35. c5 Rc3 36. c6 h5 37. Re7 Rc4 38. Re4 Kg6 39. Kd2 f5 40. Re6+ Kg5 41. Nb5 f4 42. Re5+ Kh4 43. c7 Kg3 44. Re7 f3 45. Nd6 Rd4+ 46. Ke3 Rxd6 47.
Rg7 Rc6 0-1

[Event "Early-Titled-Tuesday-Blitz-May-07-2024"]
[Site "Chess.com"]
[Date "2024.05.07"]
[Round "5"]
[White "Puzzlebot_1294"]
[Black "ilqar_74"]
[Result "1-0"]
[WhiteElo "2636"]
[BlackElo "2824"]
[TimeControl "180+1"]
[EndTime "8:59:40 PDT"]
[Termination "Puzzlebot_1294 won by resignation"]

1. d4 Nf6 2. Bf4 g6 3. Nc3 d5 4. e3 Bg7 5. h4 h5 6. Qd2 c6 7. O-O-O Nbd7 8. Nf3 b5 9. Ne5 Nxe5 10. Bxe5 Qa5 11. a3 Qb6 12. Kb1 a5 13. f3 Rg8 14.
Bd3 Bd7 15. Ne2 b4 16. a4 c5 17. dxc5 Qxc5 18. Bd4 Qc7 19. b3 e5 20. Bb2 Rc8 21.
e4 d4 22. Rde1 Be6 23. f4 Ng4 24. fxe5 Bh6 25. Nf4 Qxe5 26. g3 Bg7 27. Ne2 Rd8 28.
Rhf1 Ke7 29. Nf4 Bh6 30. Qe2 Rd6 31. Qf3 Rc8 32. Nd5+ Kf8 33. Nf4 Rc7 34. Nxg6+ Kg8 35. Nxe5 Nxe5 36. Qxh5 Bg7 37. Rd1 Bg4 38. Qg5 f6 39. Qf4 Rc5 40. Qf2 Nc6 41. Bc4+ Kf8 42. Bd5 Bxd1 43. Rxd1 Ne5 44. Bxd4 1-0

[Event "Early-Titled-Tuesday-Blitz-May-07-2024"]
[Site "Chess.com"]
[Date "2024.05.07"]
[Round "5"]
[White "miaou33"]
[Black "AnnaChessLook"]
[Result "1-0"]
[WhiteElo "2549"]
[BlackElo "2309"]
[TimeControl "180+1"]
[EndTime "8:59:41 PDT"]
[Termination "miaou33 won by resignation"]

1. e4 c5 2. Nf3 Nc6 3. b3 Nf6 4.
Nc3 g6 5. Bb2 Bg7 6. Bb5 O-O 7.
Bxc6 dxc6 8. d3 Bg4 9. h3 Bxf3 10.
Qxf3 Nd7 11. Qe2 a5 12. a4 b5 13. h4 Nb6 14. h5 c4 15. Qf3 cxd3 16. cxd3 Qd7 17. Ke2 Rfd8 18. hxg6 hxg6 19. Rh4 Qe6 20. Rah1 Qxb3 21. Nd1 Bxb2 22. Qh3 Qc2+ 23. Ke1 Bc3+ 24. Nxc3 Qxc3+ 25. Kf1 Qxd3+ 26. Kg1 Qxh3 27. R1xh3 Kg7 28. Rh7+ Kf6 29. Rf3+ Ke6 30. Rfxf7 Re8 31. Rfg7 bxa4 32. Rxg6+ Kd7 33. Rg3 Kc7 34. Rh6 Rad8 35. Rc3 Rd6 36. Rh5 Rd4 37. Rxa5 Rxe4 38. Ra7+ Kd6 39.
Ra6 Nd5 40. Rcxc6+ Ke5 41. Re6+ Kd4 42. Rxa4+ Kd3 43.
Raxe4 Nc3 44. Re3+ Kd2 45. Rxe7 Rb8 46. Rd7+ Kc2 47.
Rc7 Rb1+ 48. Kh2 Rb3 49. Rcxc3+ Rxc3 50. Rxc3+ 1-0

[Event "Early-Titled-Tuesday-Blitz-May-07-2024"]
[Site "Chess.com"]
[Date "2024.05.07"]
[Round "5"]
[White "Strong_Prodigy"]
[Black "HouseOfDurin"]
[Result "0-1"]
[WhiteElo "2485"]
[BlackElo "2237"]
[TimeControl "180+1"]
[EndTime "8:59:41 PDT"]
[Termination "HouseOfDurin won by resignation"]

1. d4 Nf6 2. c4 c5 3. d5 b5 4. cxb5 a6 5. bxa6 Bxa6 6. Nc3 d6 7. Nf3 Nbd7 8. e4 Bxf1 9. Kxf1 g6 10. g3 Bg7 11. Kg2 O-O 12. a4 Qa5 13. Bd2 Qb4 14. Qc2 Rfb8 15. Rhb1 Qb3 16. Qxb3 Rxb3 17. Be1 Ng4 18. Nd2 Rb4 19. a5 Nge5 20. Ra2 Nd3 21.
Nf3 Nxe1+ 22. Rxe1 Ra6 23. Rc1 Ne5 24. Nxe5 Bxe5 25. f4 Bf6 26. Kf3 e6 27. Rd1 Bd8 28. dxe6 fxe6 29. e5 d5 30. Rda1 Rb3 31. Ke2 d4 32.
Ne4 Re3+ 33. Kd2 Rxe4 34. Ra3 g5 35. fxg5 Bxg5+ 36. Kd1 Rxe5 37. Rb3 c4 38. Rb6 Rxb6 39.
axb6 Rb5 40. Ra8+ Kg7 41. Ra7+ Kg6 42. b7 Rxb2 43. h4 Be3 44. g4 h6 45. h5+ Kg5 46.
Ra5+ Kxg4 47. Rb5 Rxb5 48. b8=Q Rxb8 49. Ke2 Rb2+ 50. Kf1 Rd2 51. Ke1 c3 52. Kf1 c2 0-1

[Event "Early-Titled-Tuesday-Blitz-May-07-2024"]
[Site "Chess.com"]
[Date "2024.05.07"]
[Round "5"]
[White "vaishali2001"]
[Black "Tonychess32"]
[Result "1-0"]
[WhiteElo "2695"]
[BlackElo "2489"]
[TimeControl "180+1"]
[EndTime "8:59:42 PDT"]
[Termination "vaishali2001 won on time"]

1. e4 e6 2. d4 d5 3. Nd2 dxe4 4. Nxe4 Nd7 5. Nf3 Ngf6 6. Bd3 Nxe4 7. Bxe4 Nf6 8. Bg5 Be7 9. Bxf6 Bxf6 10. Qd3 h6 11. Bxb7 Bxb7 12. Qb5+ Qd7 13. Qxb7 O-O 14. Qe4 Qb5 15.
Qe2 Qxb2 16. O-O Qc3 17. Rab1 Rab8 18. Qe4 Rfd8 19. Rb3 Rxb3 20. cxb3 Bxd4 21. Nxd4 Qxd4 22. Qc6 Qb6 23. Qc3 c5 24. g3 Rd4 25. Rc1 Rd5 26. h4 h5 27. Kg2 Qc6 28. Qf3 Qd6 29. Rc4 g6 30. Rf4 Qd7 31. Rc4 Qd6 32. Rf4 Rf5 33. Rxf5 gxf5 34. Qxh5 Qd5+ 35. Qf3 Qd6 36. Qa8+ Kg7 37.
Qxa7 Qd5+ 38. Kg1 Qd4 39. Qb7 Qa1+ 40. Kg2 Qxa2 41. Qb5 Qc2 42. Qc4 Qb2 43. h5 Kh6 44. Qxc5 Qxb3 45. Qf8+ Kh7 46. Qxf7+ Kh8 47. h6 1-0

[Event "Early-Titled-Tuesday-Blitz-May-07-2024"]
[Site "Chess.com"]
[Date "2024.05.07"]
[Round "5"]
[White "LuisFSiles"]
[Black "Skatchkov_V"]
[Result "0-1"]
[WhiteElo "2486"]
[BlackElo "2627"]
[TimeControl "180+1"]
[EndTime "8:59:42 PDT"]
[Termination "Skatchkov_V won on time"]

1. e4 e5 2. Nf3 d5 3. exd5 e4 4. Qe2 Nf6 5. Nc3 Be7 6. Nxe4 Nxd5 7. g3 O-O 8. Bg2 c5 9. O-O Nc6 10. d3 Bg4 11. c3 Re8 12. h3 Bh5 13. g4 Bg6 14.
Bd2 Qc7 15. Rad1 f5 16. gxf5 Bxf5 17. Bc1 Kh8 18. Rfe1 Nf4 19. Bxf4 Qxf4 20. Qe3 Qc7 21. Ng3 Bg6 22. Qd2 Bd6 23. Qg5 Bf4 24. Qg4 Rf8 25. Nh4 Ne5 26. Nxg6+ Nxg6 27. Re4 Rad8 28. d4 cxd4 29. Rexd4 Rde8 30. Rd7 Qb6 31. Nh5 Bh6 32. Qd4 Qxb2 33. Nxg7 Re5 34. Nh5 Rxf2 35. Qxf2 Qxf2+ 36. Kxf2 Rxh5 37. Rd8+ Bf8 38. R1d7 Rf5+ 39. Kg3 Rf4 0-1

[Event "Early-Titled-Tuesday-Blitz-May-07-2024"]
[Site "Chess.com"]
[Date "2024.05.07"]
[Round "5"]
[White "TigrVShlyape"]
[Black "jefferyx"]
[Result "0-1"]
[WhiteElo "2937"]
[BlackElo "3133"]
[TimeControl "180+1"]
[EndTime "8:59:43 PDT"]
[Termination "jefferyx won on time"]

1. d4 Nf6 2. Bf4 d5 3. e3 c5 4. c3 e6 5. Nd2 Qb6 6. Qb3 Bd7 7. Ngf3 Bc6 8. h3 Nbd7 9. Be2 Be7 10. O-O O-O 11. a4 Rfc8 12. Qa2 Qd8 13. Rfb1 a5 14. Re1 h6 15. Bd3 Ne4 16. Qb1 f5 17. Rd1 Qe8 18. Ne5 Nxe5 19. Bxe5 Bxa4 20. Bc2 Bxc2 21. Qxc2 Nxd2 22.
Rxd2 a4 23. g4 fxg4 24. hxg4 b5 25. f4 b4 26. Qd3 c4 27. Qc2 b3 28. Qb1 a3 29.
bxa3 Rxa3 30. Rxa3 Bxa3 31. Rh2 Qf7 32. Kg2 Ra8 33. Kg3 Bf8 34. f5 exf5 35. gxf5 Ra6 36. e4 dxe4 37. Qxe4 Ra2 38. Rxa2 bxa2 39. Qa8 Qxf5 40.
Qxa2 Qd3+ 41. Kf4 Qxc3 42. d5 Qd3 43. Qa8 g5+ 44. Kg4 Qe4+ 45. Kh5 Qxe5 46. Qc6 g4+ 47. Kxg4 Qg5+ 48. Kf3 Qf5+ 49. Ke3 Qe5+ 50. Kf3 c3 51. Qg6+ Kh8 0-1

[Event "Early-Titled-Tuesday-Blitz-May-07-2024"]
[Site "Chess.com"]
[Date "2024.05.07"]
[Round "5"]
[White "IlanSchnaider"]
[Black "LoaySameer"]
[Result "1-0"]
[WhiteElo "2721"]
[BlackElo "2515"]
[TimeControl "180+1"]
[EndTime "8:59:43 PDT"]
[Termination "IlanSchnaider won by checkmate"]

1. c4 Nf6 2. Nf3 g6 3. g3 Bg7 4.
Bg2 O-O 5. O-O d6 6. d4 c6 7.
Nc3 Qa5 8. e4 Bg4 9. h3 Bxf3 10.
Qxf3 Nfd7 11. Rd1 c5 12. d5 Bxc3 13. bxc3 Nb6 14. Bh6 Re8 15. e5 dxe5 16. d6 Nc6 17. dxe7 f5 18. Rd6 e4 19. Qf4 Nxc4 20. Rxc6 bxc6 21.
Bf1 Qa4 22. Qg5 Kf7 23. Bf8 Ne5 24. Qh6 Rxf8 25. exf8=Q+ Rxf8 26. Rb1 Rd8 27. Qxh7+ Ke6 28. Rb7 Rd7 29. Qg8+ Kd6 30. Qf8+ Ke6 31. Qe8+ Kd6 32.
Rb2 Qd1 33. Qb8+ Ke6 34. Qe8+ Re7 35. Qg8+ Kf6 36. Qh8+ Ke6 37. Kg2 Qf3+ 38. Kg1 Qd1 39. Qc8+ Qd7 40. Qf8 Nf3+ 41. Kg2 Qe8 42. Qh6 Qf7 43.
Bc4+ Kf6 44. Bxf7 Ne1+ 45. Kf1 Nd3 46. Qxg6+ Ke5 47. Re2 f4 48. Qxe4+ Kf6 49. Qxe7+ Kf5 50. gxf4 Nxf4 51. Qe5# 1-0

[Event "Early-Titled-Tuesday-Blitz-May-07-2024"]
[Site "Chess.com"]
[Date "2024.05.07"]
[Round "5"]
[White "Casablanca"]
[Black "cthulhuuu"]
[Result "1-0"]
[WhiteElo "2713"]
[BlackElo "2506"]
[TimeControl "180+1"]
[EndTime "8:59:43 PDT"]
[Termination "Casablanca won by resignation"]

1. e4 d6 2. d4 Nf6 3. Nc3 c6 4. a4 e5 5. Bc4 Be7 6. Nge2 O-O 7.
O-O Nxe4 8. Nxe4 d5 9. Bd3 dxe4 10. Bxe4 exd4 11. Nxd4 Bf6 12. Be3 Re8 13. Bf3 Na6 14.
c3 Nc7 15. Nb3 Nd5 16. Bxd5 cxd5 17. Bd4 Be6 18. Bxf6 Qxf6 19. Qd4 Qg5 20. Qd3 Bf5 21. Qg3 Qh6 22. Nd4 Be4 23. Rfe1 f5 24. f3 f4 25. Qf2 Bg6 26. Nb5 Rxe1+ 27. Rxe1 Re8 28. Rxe8+ Bxe8 29. Nxa7 Bxa4 30. Qc5 Qe6 31. Kf2 Bd1 32. Qc8+ Qxc8 33. Nxc8 Kf8 34. Nd6 b6 35. Nc8 b5 36.
Nd6 Ba4 37. Ke2 Ke7 38. Nf5+ Kf6 39. Nd4 Ke5 40. b3 g5 41. bxa4 bxa4 42. Nb5 h5 43. h3 Kf5 44. Kd3 g4 45. h4 gxf3 46. gxf3 Ke5 47.
Na3 Kd6 48. Kd4 Kc6 49. Nc2 Kb5 50. Kxd5 Ka5 51. c4 1-0

[Event "Early-Titled-Tuesday-Blitz-May-07-2024"]
[Site "Chess.com"]
[Date "2024.05.07"]
[Round "5"]
[White "sterpfi"]
[Black "Artemiki"]
[Result "0-1"]
[WhiteElo "2324"]
[BlackElo "2503"]
[TimeControl "180+1"]
[EndTime "8:59:44 PDT"]
[Termination "Artemiki won by checkmate"]

1. e4 c5 2. Nc3 Nc6 3. Bb5 Nd4 4. Nf3 e6 5. O-O a6 6. Bd3 Nc6 7. Nd5 g5 8. Ne3 h5 9. h4 g4 10. Ng5 f6 11. e5 Nxe5 12. Ne4 d5 13. Ng3 d4 14.
Nc4 Nxd3 15. cxd3 b5 16. Na3 f5 17. Re1 Qd5 18. Qb3 Ne7 19. Qxd5 Nxd5 20. Nxf5 Kd7 21.
Ng3 Nb4 22. b3 Nxd3 23. Re2 Bb7 24. Nc2 Nf4 25. Re4 Bxe4 26. Nxe4 Be7 27. b4 d3 28. Ne3 c4 29. Bb2 Ne2+ 30. Kf1 Rhf8 31. a4 Bxh4 32. g3 Nxg3+ 33. Nxg3 Bxg3 34. Kg2 Bxf2 35. axb5 Bxe3 36.
dxe3 axb5 37. Rh1 Ra2 38. Rxh5 Rxb2+ 39. Kg3 Rf3+ 40. Kxg4 Rxe3 41. Kf4 Re1 42. Rh7+ Kd6 43. Rh8 Rf2+ 44. Kg3 Rf5 45. Rd8+ Ke5 46. Kh2 Re4 47. Kh3 Re3+ 48. Kh2 Rf2+ 49. Kg1 Ra2 50. Rf8 Re1+ 51. Rf1 d2 52. Rxe1+ dxe1=R# 0-1

[Event "Early-Titled-Tuesday-Blitz-May-07-2024"]
[Site "Chess.com"]
[Date "2024.05.07"]
[Round "5"]
[White "ATM622"]
[Black "sonicdravise"]
[Result "1-0"]
[WhiteElo "2510"]
[BlackElo "2624"]
[TimeControl "180+1"]
[EndTime "8:59:44 PDT"]
[Termination "ATM622 won on time"]

1. d4 Nf6 2. c4 c5 3. d5 e6 4. Nc3 exd5 5. cxd5 d6 6. g3 g6 7. Bg2 Bg7 8. Nf3 O-O 9. O-O Re8 10. Nd2 a6 11. a4 Nbd7 12. Nc4 Ne5 13. Nxe5 Rxe5 14. e4 Re8 15. Re1 Nd7 16. Bf4 Ne5 17. Qc2 Rb8 18. a5 Bd7 19. Qe2 Qc8 20. Na4 Bxa4 21. Rxa4 b5 22.
axb6 Rxb6 23. Rea1 Rxb2 24. Qxa6 Qg4 25. R4a3 c4 26.
Bxe5 Qe2 27. Bxb2 Bxb2 28. R3a2 Rb8 29. Rb1 Qc2 30. Rf1 c3 31. e5 dxe5 32. d6 Qb3 33. d7 Kg7 34. Be4 Rd8 35. Qa4 Qb6 36. h4 f5 37. Bd5 Qd4 38. Bb3 Rxd7 39. Qxd4 exd4 40. Rd1 d3 41. Ra4 Kf6 42. Rc4 Re7 43. Rxd3 1-0

[Event "Early-Titled-Tuesday-Blitz-May-07-2024"]
[Site "Chess.com"]
[Date "2024.05.07"]
[Round "5"]
[White "klercaku"]
[Black "emeli_chess"]
[Result "0-1"]
[WhiteElo "2250"]
[BlackElo "2419"]
[TimeControl "180+1"]
[EndTime "8:59:44 PDT"]
[Termination "emeli_chess won by resignation"]

1. e4 c5 2. Nf3 d6 3. d4 cxd4 4. Nxd4 Nf6 5. Nc3 a6 6. Be2 e6 7.
Be3 Be7 8. a3 O-O 9. O-O Qc7 10.
h3 Nc6 11. Nxc6 Qxc6 12. Bd3 b5 13. f4 Bb7 14. Qf3 d5 15. e5 Ne4 16. Ne2 f5 17. exf6 Bxf6 18. Nd4 Qd7 19. Qg4 Rae8 20. Rae1 Qc8 21. c3 e5 22. Qxc8 Rxc8 23. fxe5 Bxe5 24. Ne6 Rfe8 25. Nd4 Bg3 26. Re2 Bh4 27. Bf4 Ng3 28. Rxe8+ Rxe8 29. Rf3 Ne4 30. g3 Bf6 31. h4 Bc8 32.
Re3 Bd7 33. Re2 Nc5 34. Rxe8+ Bxe8 35. Bc2 Bd7 36. Kf2 g6 37. Ke3 Kf7 38. Nb3 Na4 39. Nd4 Nxb2 40. Bb3 Nc4+ 41. Kd3 Ke7 42. Nc2 Bf5+ 43.
Ke2 Bxc2 44. Bxc2 Nxa3 45. Bb3 Nc4 46. Bc1 Bxc3 47. Kd3 Be5 48. g4 a5 49. h5 a4 50. Ba2 Kd6 51. hxg6 hxg6 52. g5 Kc5 53.
Kc2 b4 54. Kd3 b3 55. Bb1 a3 56. Bxa3+ Nxa3 57. Ba2 bxa2 0-1

[Event "Early-Titled-Tuesday-Blitz-May-07-2024"]
[Site "Chess.com"]
[Date "2024.05.07"]
[Round "5"]
[White "JiiHart"]
[Black "JJDAREK"]
[Result "0-1"]
[WhiteElo "2159"]
[BlackElo "2370"]
[TimeControl "180+1"]
[EndTime "8:59:44 PDT"]
[Termination "JJDAREK won by checkmate"]

1. e4 d6 2. d4 Nf6 3. Nc3 g6 4. Be2 Bg7 5. g4 h5 6. g5 Nfd7 7. Be3 O-O 8. Qd2 c5 9. Nf3 Qa5 10. O-O cxd4 11. Nd5 Qd8 12. Nxd4 e6 13. Nc3 Ne5 14. f4 Nec6 15. Ndb5 d5 16. exd5 exd5 17. Qxd5 Na6 18. Rae1 Bh3 19. Rf2 Qxd5 20. Nxd5 Bxb2 21.
c3 Be6 22. Bf3 Bxd5 23. Bxd5 Rfd8 24. c4 Bg7 25. Bxc6 bxc6 26. Nxa7 Nb4 27. a3 Nd3 28. Nxc6 Re8 29. Rfe2 Nxe1 30. Rxe1 Rxa3 31. Bf2 Rxe1+ 32. Bxe1 Ra2 33. Ne5 Bxe5 34. fxe5 Rc2 35. c5 Rxc5 36. Kg2 Rxe5 37. Bg3 Rxg5 38. Kf3 Rxg3+ 39. hxg3 Kg7 40. Kf4 f6 41. Ke4 Kf7 42. Kf4 Ke6 43. Ke4 g5 44. Kf3 Ke5 45. Ke3 f5 46. Kf3 h4 47. gxh4 gxh4 48.
Ke2 Ke4 49. Kf2 f4 50. Kg2 f3+ 51. Kf2 Kf4 52. Kg1 Ke3 53. Kh2 f2 54. Kh3 f1=Q+ 55. Kxh4 Qg2 56. Kh5 Kf4 57. Kh6 Qg8 58. Kh5 Qh7# 0-1

[Event "Early-Titled-Tuesday-Blitz-May-07-2024"]
[Site "Chess.com"]
[Date "2024.05.07"]
[Round "5"]
[White "MathiasWomacka"]
[Black "ValentinDragnev"]
[Result "0-1"]
[WhiteElo "2520"]
[BlackElo "2722"]
[TimeControl "180+1"]
[EndTime "8:59:45 PDT"]
[Termination "ValentinDragnev won by checkmate"]

1. e4 e5 2. Nf3 Nc6 3. Bb5 a6 4. Bxc6 dxc6 5. O-O Ne7 6. Nxe5 Qd4 7. Qh5 g6 8. Qg5 Be6 9. Nc3 h6 10. Qg3 Bg7 11.
Nf3 Qd7 12. d4 g5 13. Be3 f5 14. Ne5 Qd6 15. f4 O-O-O 16. fxg5 Qb4 17. gxh6 Bxh6 18.
Bxh6 Rxh6 19. Rad1 Rg8 20. Qf4 Rh7 21. Nd3 Qxd4+ 22.
Kh1 Rgh8 23. h3 fxe4 24. Qxe4 Rxh3+ 25. gxh3 Bd5 26. Nf2 Bxe4+ 27. Ncxe4 Qxb2 28. Rd2 Qe5 29. Rfd1 b6 30. Rd3 Nd5 31. Rf3 Nf4 32. Re1 Ne6 33. Rg1 Nd4 34. Rf7 Qd5 35. Rgg7 Ne6 36. Rh7 Rf8 37.
Rxf8+ Nxf8 38. Rh8 Qf5 39. Kg2 Kb7 40. Ng3 Qd5+ 41.
Kh2 Ng6 42. Rh6 Nf4 43. Nge4 Qd4 44. Rf6 Nd5 45. Rf5 Ne3 46. Rg5 Nxc2 47. h4 Ne1 48. Kg3 Qe3+ 49. Kg4 Qf3# 0-1